 Dungeon Crawl Stone Soup version 0.29-a0-43-g62a80824bf (webtiles) character file.

Game seed: 2173574348589342286

12818 belegose the Frost Mage (level 11, -8/83 HPs)
             Began as a Demonspawn Cinder Acolyte on Feb 2, 2022.
             Was a Believer of Ignis.
             Mangled by a minotaur (10 damage)
             ... in a Gauntlet.
             The game lasted 00:57:00 (19305 turns).

belegose the Frost Mage (DsCA)                     Turns: 19305, Time: 00:57:01

Health: -8/83      AC: 16    Str: 14    XL:     11   Next: 67%
Magic:  26/30      EV: 13    Int: 19    God:    Ignis [**....]
Gold:   1170       SH:  0    Dex: 10    Spells: 19/23 levels left

rFire   + . .      SeeInvis +   o - +4 scimitar (flame)
rCold   . . .      Faith    .   (no shield)
rNeg    . . .      Spirit   .   D - +0 steam dragon scales
rPois   .          Reflect  .   u - +0 helmet
rElec   .          Harm     .   e - +2 cloak
rCorr   .          Rampage  .   q - +1 pair of gloves
Will    .....      NoTele   +   (no boots)
Stlth   +++.......              K - amulet of regeneration
HPRegen 1.03/turn               y - ring of see invisible
MPRegen 0.22/turn               I - ring of magical power

@: freezing walls, studying Armour
A: yellow scales 2, icemail 1, powered by death 1, condensation shield, weakness
stinger 1
a: Renounce Religion, Fiery Armour, Foxfire Swarm


You were in a Gauntlet.
You worshipped Ignis.
Ignis was pleased with you.
You visited 2 branches of the dungeon, and saw 12 of its levels.
You also visited: Sewer, Bailey and Gauntlet.

You collected 1190 gold pieces.
You spent 20 gold pieces at shops.

Inventory:

Hand Weapons
 a - a +1 dagger of venom
 o - a +4 scimitar of flaming (weapon)
 Q - a +6 arbalest of freezing
Missiles
 g - 252 stones (quivered)
 i - 16 poisoned darts
 J - 2 throwing nets
 L - a curare-tipped dart
 M - 3 boomerangs
 O - 289 bolts
Armour
 e - a +2 cloak (worn)
 q - a +1 pair of gloves (worn)
 u - a +0 helmet (worn)
 C - a +2 robe of fire resistance
 D - +0 steam dragon scales (worn)
Jewellery
 n - the dreamshard necklace {*Dream Drain}
   (You found it in a Gauntlet)

   [amulet of nothing]

   It shatters if its wearer takes lethal or near-lethal damage, preventing the
   blow and releasing protective dreams that heal and fight for the wearer.
   Drain:     It drains your maximum health when unequipped.
 y - a ring of see invisible (left hand)
 F - a ring of ice
 I - a ring of magical power (right hand)
 K - an amulet of regeneration (around neck)
Wands
 l - a wand of flame (14)
Scrolls
 c - a scroll of magic mapping {unknown}
 d - a scroll of fog {unknown}
 f - 5 scrolls of blinking
 h - 8 scrolls of teleportation
 k - 2 scrolls of torment {unknown}
 A - 3 scrolls of enchant weapon
Potions
 b - 2 potions of magic {unknown}
 j - a potion of haste
 m - a potion of lignification {unknown}
 p - 5 potions of flight
 r - a potion of curing
 v - 3 potions of mutation
 z - a potion of heal wounds
 B - a potion of brilliance {unknown}
Miscellaneous
 E - a piece from Xom's chessboard (15/15)
 H - a phial of floods


   Skills:
 + Level 6.5 Fighting
 + Level 5.8 Long Blades
 - Level 3.2 Maces & Flails
 + Level 6.6 Armour
 - Level 6.4 Dodging
 - Level 6.0 Stealth
 - Level 6.8 Spellcasting
 + Level 4.1 Necromancy
 - Level 2.6 Fire Magic
 - Level 8.0 Ice Magic


You had 19 spell levels left.
You knew the following spells:

 Your Spells              Type           Power      Damage    Failure   Level
b - Frozen Ramparts       Ice            72%        1d9       1%          3
c - Animate Skeleton      Necr           44%        N/A       1%          1

Your spell library contained the following spells:

 Spells                   Type           Power      Damage    Failure   Level
 Freeze                   Ice            100%       1d11      1%          1
 Sublimation of Blood     Necr           22%        N/A       2%          2
 Scorch                   Fire           32%        2d6       5%          2
 Apportation              Tloc           12%        N/A       11%         1
 Magic Dart               Conj           24%        1d4       11%         1
 Summon Small Mammal      Summ           24%        N/A       11%         1
 Call Imp                 Summ           6%         N/A       16%         2
 Static Discharge         Conj/Air       6%         N/A       16%         2
 Dispel Undead            Necr           22%        3d12      19%         4
 Hailstorm                Conj/Ice       21%        3d6       21%         4
 Ice Form                 Ice/Tmut       21%        N/A       21%         4
 Gell's Gravitas          Tloc           6%         N/A       30%         3
 Lesser Beckoning         Tloc           6%         N/A       30%         3
 Mephitic Cloud           Conj/Pois/Air  6%         N/A       30%         3
 Teleport Other           Tloc           6%         N/A       30%         3
 Tukima's Dance           Hex            6%         N/A       30%         3
 Sticky Flame             Conj/Fire      11%        2d3       52%         4
 Passage of Golubria      Tloc           6%         N/A       71%         4
 Petrify                  Tmut/Erth      6%         N/A       71%         4
 Simulacrum               Ice/Necr       14%        N/A       78%         6
 Irradiate                Conj/Tmut      3%         3d14      96%         5
 Yara's Violent Unravell  Hex/Tmut       3%         3d4       96%         5


Dungeon Overview and Level Annotations

Branches:
Dungeon (11/15)            Temple (1/1) D:4            Lair (0/6) D:8
    Orc (0/2) D:10          Sewer (visited)          Bailey (visited)
Gauntlet (1/1)

Altars:
Fedhas
Hepliaklqana
Ru
Trog
Xom
The Shining One
Beogh

Shops:
D:1 *

Portals:
Trove: D:10 (lose all piety)

Annotations:
D:7 2 transporters
D:9 1 runed translucent door, exclusion: door, Dormantt's ghost, novice DEFE
D:11 Snorg Gauntlet 8 transporters, 4 runed translucent doors


Innate Abilities, Weirdness & Mutations

You are mostly covered in yellow scales. (AC +3)
A meltable icy envelope protects you from harm. (AC +0)
You regenerate a little health from kills.
A meltable shield of frost defends you. (SH +0)
You have a small tail.


Message History

The minotaur hits you with a +0 spear of flaming!
The minotaur burns you.
The minotaur gores you but does no damage.
You closely miss the minotaur.
You tail-slap the minotaur, but do no damage.
The minotaur is moderately wounded.
The wall freezes the minotaur!
The minotaur hits you with a +0 spear of flaming!
The minotaur burns you. The minotaur barely misses you.
Unknown command.
Okay, then.
You feel much better.
The wall freezes the minotaur.
The minotaur hits you with a +0 spear of flaming!
The minotaur burns you. The minotaur closely misses you.
You barely miss the minotaur.
Your tail-slap misses the minotaur.
The minotaur is heavily wounded.
The wall freezes the minotaur!
The minotaur closely misses you. The minotaur gores you.
You barely miss the minotaur.
You tail-slap the minotaur, but do no damage.
The minotaur is heavily wounded.
The frozen ramparts melt away.
The minotaur hits you with a +0 spear of flaming!!
* * * LOW HITPOINT WARNING * * *
The minotaur burns you.
* * * LOW HITPOINT WARNING * * *
The minotaur gores you.
* * * LOW HITPOINT WARNING * * *
Casting: Frozen Ramparts (safe; 1% risk of failure)
Confirm with . or Enter, or press ? or * to list all spells.
Casting: Frozen Ramparts (safe; 1% risk of failure)
Press: ? - help, Dir - look around, f - activate The walls around you are covered in ice.
The wall freezes the minotaur.
The minotaur hits you with a +0 spear of flaming!
* * * LOW HITPOINT WARNING * * *
The minotaur burns you.
* * * LOW HITPOINT WARNING * * *
The minotaur gores you!
You die...

.+.©#..## #+###..≈#
....#..##
..Z.#..§##########
#####..###.##....#
......§##..##.##.#
#####..#......##.#
...k#..#...##.##.#
.#.[#.8#.©.##...@# #
.#.$#..#...##.##H#.#
©#.©#.∩#.©....##.'.
.#..#..#...##.##.#.#
.#.|#.8#.©.##....#.#
....#..#...##.##.# #
#####..#......##.#
.......##..##.##.#
#####..###.##....#


You could see a minotaur.

Vanquished Creatures
  2 glowing orange brains (Gauntlet)
  An orc knight (Bailey)
  2 ugly things (Gauntlet)
  A torpor snail (Gauntlet)
  A gargoyle (D:8)
  A kobold demonologist (D:10)
  Psyche (D:8)
  An efreet (Gauntlet)
  A komodo dragon (D:7)
  A troll (D:10)
  2 hornets (D:9)
  A vampire (D:8)
  A fire elemental (Gauntlet)
  11 yaks
  5 steam dragons
  Duvessa (D:7)
  A water moccasin (D:6)
  3 hell hounds (Gauntlet)
  An ice beast (D:7)
  14 orc warriors
  2 ogres
  2 sky beasts
  A necrophage (D:5)
  5 wolves (Gauntlet)
  5 centaurs
  A kobold brigand (D:9)
  5 bullfrogs
  A gnoll sergeant (D:7)
  2 scorpions
  A water moccasin zombie (D:5)
  Dowan (D:7)
  9 killer bees
  A howler monkey (D:8)
  2 centaur zombies
  A bullfrog zombie (D:5)
  8 orc priests
  2 hounds
  2 bullfrog skeletons
  2 gnoll shamans
  Ijyb (D:4)
  2 iguanas
  Natasha (twice) (D:2)
  4 orc wizards
  A hound skeleton (D:5)
  A howler monkey zombie (D:10)
  17 gnolls
  9 adders
  5 river rats (Sewer)
  2 white imps (D:7)
  2 ufetubi
  An adder zombie (D:5)
  3 worms
  36 orcs
  3 endoplasms
  9 giant cockroaches
  8 goblins
  7 hobgoblins
  6 jackals
  8 kobolds
  5 quokkas
  11 ball pythons
  15 bats
  11 frilled lizards
  12 rats
286 creatures vanquished.

Vanquished Creatures (collateral kills)
  An orc (Bailey)
1 creature vanquished.

Vanquished Creatures (others)
  Erica (D:8)
  An orc warrior (Bailey)
  42 foxfires (Bailey)
  8 plants
52 creatures vanquished.

Grand Total: 339 creatures vanquished

Notes
Turn   | Place    | Note
-------+----------+-------------------------------------------
     0 | D:1      | belegose the Demonspawn Cinder Acolyte began the quest for
                  | the Orb.
     0 | D:1      | Reached XP level 1. HP: 18/18 MP: 2/2
   131 | D:1      | Gained mutation: A meltable shield of frost defends you.
                  | (SH +0) [demonic ancestry]
   131 | D:1      | Reached XP level 2. HP: 16/24 MP: 3/3
   473 | D:1      | Reached skill level 1 in Dodging
   477 | D:1      | Found Naxeaqum's General Store.
   573 | D:1      | Reached skill level 1 in Armour
   631 | D:1      | Reached XP level 3. HP: 29/29 MP: 4/4
  1691 | D:2      | Found a shimmering altar of Xom.
  2032 | D:2      | Learned a level 1 spell: Freeze
  2113 | D:3      | Reached XP level 4. HP: 34/35 MP: 5/5
  2988 | D:3      | Noticed Natasha
  3009 | D:2      | Killed Natasha
  3010 | D:2      | Reached skill level 1 in Ice Magic
  3472 | D:3      | Found a shimmering altar of Xom.
  3679 | D:4      | Noticed Ijyb
  3683 | D:4      | HP: 1/35 [Ijyb/iceblast (9)]
  4003 | D:4      | Killed Ijyb
  4004 | D:4      | Reached XP level 5. HP: 22/41 MP: 7/7
  4159 | D:4      | Found a staircase to the Ecumenical Temple.
  4173 | Temple   | Entered the Ecumenical Temple
  5447 | D:4      | Reached skill level 2 in Ice Magic
  6061 | D:3      | Gained mutation: A meltable icy envelope protects you from
                  | harm. (AC +0) [demonic ancestry]
  6061 | D:3      | Reached XP level 6. HP: 43/47 MP: 9/9
  6393 | D:4      | Learned a level 3 spell: Frozen Ramparts
  6417 | D:5      | Entered Level 5 of the Dungeon
  6568 | D:5      | Found a glowing drain.
  6592 | D:5      | Reached skill level 3 in Ice Magic
  6592 | D:5      | Gained mutation: You regenerate a little health from kills.
                  | [demonic ancestry]
  6592 | D:5      | Reached XP level 7. HP: 7/52 MP: 10/12
  6630 | Sewer    | Entered a sewer
  8286 | D:5      | Noticed a yak
  8549 | D:5      | Found a sacrificial altar of Ru.
  8549 | D:5      | Found a blossoming altar of Fedhas.
  8576 | D:5      | Noticed a yak
  8661 | D:4      | Killed a yak
  8662 | D:4      | Reached skill level 4 in Ice Magic
  8662 | D:4      | Gained mutation: You are partially covered in yellow
                  | scales. (AC +2) [demonic ancestry]
  8662 | D:4      | Reached XP level 8. HP: 45/58 MP: 14/14
  9412 | D:5      | Reached skill level 5 in Spellcasting
  9729 | D:6      | Reached skill level 5 in Ice Magic
 10371 | D:6      | Found a hazy altar of Hepliaklqana.
 11339 | D:7      | Gained mutation: You are mostly covered in yellow scales.
                  | (AC +3) [demonic ancestry]
 11339 | D:7      | Reached XP level 9. HP: 64/64 MP: 13/17
 11374 | D:7      | Reached skill level 6 in Ice Magic
 11432 | D:7      | Noticed a deep elf knight
 11433 | D:7      | Found a transporter.
 11434 | D:7      | Noticed a kobold demonologist
 11687 | D:7      | Found a transporter.
 11854 | D:7      | Noticed Dowan
 11856 | D:7      | Noticed Duvessa
 11860 | D:7      | Killed Dowan
 11868 | D:7      | Killed Duvessa
 12269 | D:2      | Noticed Natasha
 12276 | D:2      | Killed Natasha
 12295 | D:1      | Bought a scroll of identify for 20 gold pieces
 12491 | D:6      | Reached skill level 5 in Armour
 12929 | D:7      | Noticed a komodo dragon
 12948 | D:7      | Killed a komodo dragon
 12949 | D:7      | Reached skill level 5 in Dodging
 12949 | D:7      | Reached skill level 1 in Stealth
 13146 | D:8      | Noticed Erica
 13152 | D:8      | Noticed Psyche
 13188 | D:8      | Killed Erica
 13189 | D:8      | Reached skill level 7 in Ice Magic
 13192 | D:8      | Killed Psyche
 13387 | D:8      | Found a staircase to the Lair.
 13488 | D:8      | Reached XP level 10. HP: 65/70 MP: 20/20
 13540 | D:8      | Noticed a gargoyle
 13566 | D:8      | Killed a gargoyle
 13567 | D:8      | Reached skill level 1 in Long Blades
 14030 | D:6      | Found a hazy altar of Hepliaklqana.
 15301 | D:9      | Reached skill level 8 in Ice Magic
 15657 | D:9      | Found a runed translucent door.
 15660 | D:9      | Noticed Dormantt's ghost (novice DEFE)
 16227 | D:10     | Entered Level 10 of the Dungeon
 16243 | D:10     | Reached skill level 5 in Stealth
 16291 | D:10     | Found a flagged portal.
 16328 | Bailey   | Entered a bailey
 17165 | Bailey   | Gained mutation: You have a small tail. [demonic ancestry]
 17165 | Bailey   | Reached XP level 11. HP: 78/78 MP: 17/21
 17291 | Bailey   | Noticed an orc knight
 17483 | Bailey   | Killed an orc knight
 17484 | Bailey   | Reached skill level 5 in Fighting
 17600 | Bailey   | Acquired 556 gold pieces
 17728 | D:10     | Learned a level 1 spell: Animate Skeleton
 17974 | D:10     | Reached skill level 1 in Necromancy
 18240 | D:10     | Found a portal to a secret trove of treasure.
 18305 | D:10     | Found a staircase to the Orcish Mines.
 18486 | D:10     | Reached skill level 5 in Long Blades
 18855 | D:11     | Found a gate leading to a gauntlet.
 18863 | D:11     | Noticed Snorg
 18864 | Gauntlet | Entered a Gauntlet
 18864 | Gauntlet | Found a transporter.
 18864 | Gauntlet | Found a transporter.
 18867 | Gauntlet | Noticed a soul eater
 18880 | Gauntlet | Found a transporter.
 18885 | Gauntlet | Found a runed translucent door.
 18891 | Gauntlet | Noticed a cyan ugly thing
 18892 | Gauntlet | Noticed a glowing orange brain
 18893 | Gauntlet | Found a transporter.
 18893 | Gauntlet | Found a transporter.
 18894 | Gauntlet | Found the dreamshard necklace {*Dream Drain}
 18895 | Gauntlet | Found a transporter.
 18895 | Gauntlet | Found a transporter.
 18896 | Gauntlet | Found a transporter.
 18897 | Gauntlet | Noticed a white ugly thing
 18899 | Gauntlet | Noticed a death drake
 18906 | Gauntlet | Found a runed translucent gate.
 18908 | Gauntlet | Found a transporter.
 18909 | Gauntlet | Found a runed translucent gate.
 18910 | Gauntlet | Found a runed translucent gate.
 18924 | Gauntlet | Found a transporter.
 18930 | Gauntlet | Noticed a death drake
 18934 | Gauntlet | Found a transporter.
 18949 | Gauntlet | Found a transporter.
 18963 | Gauntlet | Noticed a glowing orange brain
 18969 | Gauntlet | Found a transporter.
 18982 | Gauntlet | Found a transporter.
 19121 | Gauntlet | Noticed a sixfirhy
 19123 | Gauntlet | Killed a glowing orange brain
 19126 | Gauntlet | Killed a brown ugly thing
 19128 | Gauntlet | Killed a glowing orange brain
 19133 | Gauntlet | Killed a brown ugly thing
 19247 | Gauntlet | Identified the +2 pair of gloves of Protective Custody
                  | {Harm Regen+}
 19295 | Gauntlet | Noticed a minotaur
 19305 | Gauntlet | HP: 2/83 [minotaur (3)]
 19305 | Gauntlet | Mangled by a minotaur

Illustrated notes

Levels and vault maps discovered:
D:1:      dpeg_arrival_ratfight, layout_rooms, serial_shops,
          nicolae_shop_temple_entry_statues_fountains, serial_forest,
          infiniplex_forest_lined_ring, infiniplex_forest_end_3,
          infiniplex_forest_corner_1, infiniplex_forest_split,
          infiniplex_forest_clump_medium, infiniplex_forest_pool,
          infiniplex_forest_lined_corner, infiniplex_forest_clump_long,
          infiniplex_forest_lined_3
D:2:      layout_basic, basic_altar
D:3:      layout_basic, marbit_many_paths, uniq_natasha
D:4:      layout_basic, minmay_temple_entry_statues_fountains, uniq_ijyb
D:5:      layout_rooms, gammafunk_temple_overflow_elements,
          cheibrodos_sewer_entry_drain
D:6:      layout_basic, mainiacjoe_overflow_cross_hatched
D:7:      gammafunk_wand_slinger, layout_loops_cross, minmay_lizard_king,
          uniq_duvessa
D:8:      layout_basic, dpeg_oklobed_lair, uniq_erica, uniq_psyche
D:9:      layout_basic, hellmonk_ghost_happy_afterlife
D:10:     layout_loops_ring, mainiacjoe_overflow_boulevard,
          minmay_orc_entry_temple_small, trove_entry_hex_spiral, enter_bailey_3
D:11:     layout_rooms, serial_shops, nicolae_shop_behind_doors,
          gauntlet_entry_generic, uniq_snorg, uniq_sonja
Temple:   minmay_crystal_spiral_temple
Gauntlet: gammafunk_gauntlet_mixed_choke_point [minmay_gauntlet_arena_77_path,
          minmay_gauntlet_arena_77_terracotta_army,
          minmay_gauntlet_arena_77_checkered, gammafunk_gauntlet_arena_chambers,
          minmay_gauntlet_arena_77_run_for_it,
          minmay_gauntlet_arena_77_chump_sandwich,
          minmay_gauntlet_arena_77_braids, gauntlet_exit_watery]

Skill      XL: |  1  2  3  4  5  6  7  8  9 10 11 |
---------------+----------------------------------+-----
Maces & Flails | 3 |  3.2
Dodging        | 1 2 3 4 5 6 |  6.4
Armour         | 1 2 3 5 6 |  6.6
Ice Magic      | 1 2 3 4 5 7 8 |  8.0
Spellcasting   | 2 3 4 5 6 |  6.8
Stealth        | 2 5 6 |  6.0
Long Blades    | 4 5 |  5.8
Fighting       | 4 6 |  6.5
Necromancy     | 4 |  4.1
Fire Magic     | |  2.6

Action                   |  1- 3 |  4- 6 |  7- 9 | 10-12 || total
-------------------------+-------+-------+-------+-------++-------
Melee: Mace              |   145 |   212 |   486 |       ||   843
       Punch             |     5 |     4 |     9 |     5 ||    23
       Club              |       |    15 |       |       ||    15
       Scimitar          |       |       |    10 |   243 ||   253
       Tailslap          |       |       |       |    16 ||    16
 Fire: Arbalest          |       |       |       |    11 ||    11
Throw: Stone             |       |     2 |     5 |     5 ||    12
       Dart              |       |       |     5 |       ||     5
 Cast: Freeze            |       |     4 |       |       ||     4
       Frozen Ramparts   |       |       |    18 |    39 ||    57
Invok: Fiery Armour      |       |     2 |       |     3 ||     5
       Rising Flame      |       |       |     1 |       ||     1
       Foxfire Swarm     |       |       |       |     2 ||     2
Evoke: Wand              |       |       |     2 |    10 ||    12
  Use: Scroll            |       |       |     3 |     9 ||    12
       Potion            |       |       |       |     6 ||     6
 Stab: Sleeping          |       |       |       |     5 ||     5
       Distracted        |       |       |       |     2 ||     2
Armor: Ring mail         |    70 |   113 |   276 |       ||   459
       Robe              |     8 |       |       |       ||     8
       Steam dragon scal |       |       |    43 |   190 ||   233
Dodge: Dodged            |    91 |   120 |   364 |   258 ||   833
Block: Other             |    17 |    45 |   109 |    61 ||   232

Table legend: (Time is in decaauts)
 A = Elapsed time spent in this place.
 B = Non-inter-level travel time spent in this place.
 C = Inter-level travel time spent in this place.
 D = Time resting spent in this place.
 E = Time spent auto-exploring this place.
 F = Levels seen in this place.
 G = Mean time per level.
                   A        B        C        D        E       F      G
               +--------+--------+--------+--------+--------+-----+--------+
         Total |  19862 |  18106 |   1756 |   4616 |   7627 |  15 | 1324.1 |
       Dungeon |  16324 |  14568 |   1756 |   3715 |   7111 |  11 | 1484.0 |
        Temple |     68 |     68 |      0 |     62 |      0 |   1 |   68.0 |
         Sewer |   1678 |   1678 |      0 |    593 |    397 |   1 | 1678.0 |
        Bailey |   1340 |   1340 |      0 |    242 |      0 |   1 | 1340.0 |
      Gauntlet |    450 |    450 |      0 |      4 |    119 |   1 |  450.0 |
               +--------+--------+--------+--------+--------+-----+--------+

Top non-repeatable levels by time:
     D:3: 2915 daAuts
     D:4: 2608 daAuts
     D:6: 1770 daAuts
   Sewer: 1678 daAuts
     D:7: 1608 daAuts
     D:9: 1443 daAuts
  Bailey: 1340 daAuts
     D:1: 1302 daAuts
     D:8: 1258 daAuts
    D:10: 1228 daAuts
     D:5: 1139 daAuts
     D:2: 971 daAuts
Gauntlet: 450 daAuts
    D:11: 78 daAuts
  Temple: 68 daAuts
